 Dungeon Crawl Stone Soup version 0.28.0-43-g3370ac3207 (webtiles) character file.

Game seed: 698039424666810448

59 Gabide the Grave Robber (level 3, -3/26 HPs)
             Began as a Mummy Necromancer on Mar 15, 2022.
             Slain by a gnoll
             ... wielding a +1 spear of distortion
              (6 damage)
             ... on level 2 of the Dungeon.
             The game lasted 00:04:33 (2143 turns).

Gabide the Grave Robber (Mummy Necromancer)         Turns: 2143, Time: 00:04:34

Health: -3/26      AC:  2    Str: 11    XL:     3   Next: 78%
Magic:  3/7        EV: 12    Int: 16    God:
Gold:   38         SH:  0    Dex: 12    Spells: 4/8 levels left

rFire   x . .      SeeInvis .   (no weapon)
rCold   + . .      Faith    .   (no shield)
rNeg    + + +      Spirit   .   a - +0 robe
rPois   ∞          Reflect  .   c - +0 hat
rElec   .          Harm     .   (no cloak)
rCorr   .          Rampage  .   (no gloves)
Will    .....                   (no boots)
Stlth   ++........              (no amulet)
HPRegen 0.08/turn               (no ring)
MPRegen 0.10/turn               (no ring)

@: no status effects
A: cold resistance 1, negative energy resistance 3, torment resistance 2, heat
vulnerability 1, no potions
a: no special abilities


You were on level 2 of the Dungeon.
You visited 1 branch of the dungeon, and saw 2 of its levels.

You collected 38 gold pieces.

Inventory:

Armour
 a - a +0 robe (worn)
 c - a +0 hat (worn)
Scrolls
 e - a scroll of immolation {unknown}


   Skills:
 * Level 1.0 Fighting
 * Level 1.9 Dodging
 + Level 1.7 Stealth
 * Level 3.4 Spellcasting
 * Level 4.7 Necromancy


You had 4 spell levels left.
You knew the following spells:

 Your Spells              Type           Power      Damage    Failure   Level
a - Pain                  Necr           68%        1d7       2%          1
b - Vampiric Draining     Necr           17%        2d7       8%          3

Your spell library contained the following spells:

 Spells                   Type           Power      Damage    Failure   Level
 Animate Skeleton         Necr           34%        N/A       2%          1
 Animate Dead             Necr           8%         N/A       26%         4
 Agony                    Necr           17%        N/A       58%         5


Dungeon Overview and Level Annotations

Branches:
Dungeon (2/15)

Altars:


Innate Abilities, Weirdness & Mutations

You are immune to poison.
Your flesh is cold resistant. (rC+)
You are immune to negative energy. (rN+++)
You are immune to unholy pain and torment.
You are vulnerable to heat. (rF-)
You do not drink.


Message History

The bat hits you. The bat hits you but does no damage.
The bat closely misses you.
The bat writhes in agony.
You kill the bat!
The gnoll writhes in agony!
You kill the gnoll!
The kobold writhes in agony.
You kill the kobold!
There is a stone staircase leading up here.
You climb upwards.
There is a stone staircase leading down here.
You start resting.
HP restored.
You start resting.
Magic restored.
You see here a +0 dagger.
There is a stone staircase leading down here.
You climb downwards.
There is a stone staircase leading up here.
There is a stone staircase leading down here.
Found a runed spear.
Found a pitted hand axe.
Found 17 stones and a pair of boots.
You see here a +0 vampiric spear.
The gnoll writhes in agony.
The gnoll writhes in agony.
The gnoll writhes in agony.
The gnoll writhes in agony.
The gnoll hits you from afar with a +1 spear of distortion!
Space warps horribly around you!
You are too injured to fight recklessly!
Okay, then.
Unknown command.
Unknown command.
Found a stone staircase leading down.
The gnoll hits you with a +1 spear of distortion.
* * * LOW HITPOINT WARNING * * *
Space warps around you.
You die...

....... #.......#
>..^...... ..####.##
#........# # #.##
###........## ##.##
##...........# #..##
##............# ###....
...#..........# #......
#....g....... ...#...#
#####....@...[..# # #..##
.......)..).....######.<#
######.................##
#...###....####...# ###...#
.....#...### #.....#
###.#.### #.(#...# #.#.#
....##...# #.#.#######
##...##...#######....#.....


You could see a gnoll.

Vanquished Creatures
  A gnoll (D:2)
  An adder (D:2)
  A dart slug (D:1)
  5 bats
  An endoplasm (D:1)
  2 giant cockroaches
  4 goblins
  A hobgoblin (D:1)
  2 jackals (D:1)
  6 kobolds
  A quokka (D:2)
  5 ball pythons
  3 frilled lizards (D:1)
  3 rats
36 creatures vanquished.

Vanquished Creatures (others)
  10 plants (D:1)
10 creatures vanquished.

Grand Total: 46 creatures vanquished

Notes
Turn   | Place    | Note
-------+----------+-------------------------------------------
     0 | D:1      | Gabide the Mummy Necromancer began the quest for the Orb.
     0 | D:1      | Reached XP level 1. HP: 13/13 MP: 4/4
   167 | D:1      | Reached XP level 2. HP: 20/20 MP: 0/5
   423 | D:1      | Reached skill level 1 in Fighting
  1124 | D:2      | Reached XP level 3. HP: 26/26 MP: 2/7
  1128 | D:2      | Learned a level 3 spell: Vampiric Draining
  2143 | D:2      | Slain by a gnoll

Illustrated notes

Levels and vault maps discovered:
D:1:      co_arrival_two_rings, layout_basic, lexackson_kobold_supper
D:2:      layout_rooms

Skill      XL: |  1  2 |
---------------+-------+-----
Fighting       | 1 |  1.0
Spellcasting   | 3 |  3.4
Dodging        | |  1.9
Stealth        | |  1.7
Necromancy     | |  4.7

Action                   || total
-------------------------++-------
Melee: Unarmed           ||    10
 Cast: Pain              ||    71
       Vampiric Draining ||     2
  Use: Scroll            ||     2
Armor: Robe              ||     5
Dodge: Dodged            ||    27
